 Dungeon Crawl Stone Soup version 0.31-a0-848-gaac375c287 (webtiles) character file.

Game seed: 164098204876533370

599274 Shayle the Metamorph (level 25, -12/292 HPs)
             Began as a Demonspawn Reaver on Oct 2, 2023.
             Was the Champion of Kikubaaqudgha.
             Mangled by a lorocyproca (23 damage)
             ... in Pandemonium on Oct 5, 2023.
             The game lasted 09:02:21 (88619 turns).

Shayle the Metamorph (Demonspawn Reaver)           Turns: 88619, Time: 09:02:22

Health: -12/292    AC: 37    Str: 13      XL:     25   Next: 29%
Magic:  0/38       EV: 11    Int: 30 (33) God:    Kikubaaqudgha [******]
Gold:   2988       SH: 23    Dex: 19      Spells: 6/47 levels left

rFire   + + +        Y - staff of Moral Flaws {rPois rF+ rC+ rCorr Stlth+ Fire}
rCold   + . .        G - +5 kite shield {reflect}
rNeg    + . .        T - +3 faerie dragon scales {rElec rCorr Slay+3}
rPois   +            l - +5 hat of Generosity {rN+ Stlth+}
rElec   +            d - +2 cloak
rCorr   +            (gloves unavailable)
SInv    .            v - +2 pair of boots {Fly}
Will    +++..        u - amulet "Istaa" {Spirit Will++ Int+2 Dex+6}
Stlth   x              - ring "Empay" {Wiz rF+}
HPRegen 0.68/turn    p - +6 ring of intelligence
MPRegen 0.26/turn

%: reflection, guardian spirit, wizardry (x1)
@: mighty, berserking, flying, very quick
A: claws 3, molten scales 3, icemail 2, powered by death 3, condensation shield,
corrupting presence 2, MP-powered wands
}: 5/15 runes: barnacled, slimy, silver, abyssal, gossamer
a: Renounce Religion, Unearth Wretches, Torment


You were in Pandemonium.
You worshipped Kikubaaqudgha.
Kikubaaqudgha was exalted by your worship.
You visited 10 branches of the dungeon, and saw 48 of its levels.
You visited Pandemonium 1 time, and saw 1 of its levels.
You visited the Abyss 1 time.
You also visited: Ossuary, Ice Cave and Desolation.

You collected 8405 gold pieces.
You spent 5417 gold pieces at shops.

Inventory:

Missiles
 c - 14 curare-tipped darts (quivered)
 V - 8 throwing nets
Armour
 d - a +2 cloak (worn)
 g - the scarf of Curiosity {rC+ rF+, rPois rN++}
   (You acquired it in Pandemonium)

   rPois:     It protects you from poison rN++: It greatly protects you from
   negative energy.
 l - the +5 hat of Generosity (worn) {rN+ Stlth+}
   (You found it on level 4 of the Shoals)

   rN+:       It protects you from negative energy.
   Stlth+:    It makes you more stealthy.
 v - a +2 pair of boots of flying (worn)
 G - a +5 kite shield of reflection (worn)
 P - the +2 robe "Qexkaor" {Will+ Str+4 Archmagi}
   (You found it on level 9 of the Dungeon)

   Str+4:     It affects your strength (+4).
   Will+:     It increases your willpower.
   Archmagi:  It increases the power of your magical spells.
 T - the +3 faerie dragon scales (worn) {rElec rCorr Slay+3}
   (You took it off the Enchantress on level 1 of the Depths)

   Slay+3:    It affects your accuracy & damage with ranged weapons and melee
   (+3).
   rElec:     It insulates you from electricity.
   rCorr:     It protects you from acid and corrosion.
Magical Staves
 Y - the staff of Moral Flaws (weapon) {rPois rF+ rC+ rCorr Stlth+ Fire}
   (You found it on level 5 of the Vaults)

   [staff of fire]

   Base accuracy: +5 Base damage: 5 Base attack delay: 1.2 This weapon's minimum
   attack delay (0.6) is reached at skill level 12.
   rF+:       It protects you from fire.
   rC+:       It protects you from cold.
   rPois:     It protects you from poison rCorr: It protects you from acid and
   corrosion.
   Stlth+:    It makes you more stealthy.
   Fire:      It increases the power of your Fire spells.
   It falls into the 'Staves' category.
   It is a one-handed weapon.
Jewellery
 p - a +6 ring of intelligence (right claw)
 u - the amulet "Istaa" (around neck) {Spirit Will++ Int+2 Dex+6}
   (You acquired it on level 5 of the Dungeon)

   [amulet of guardian spirit]

   Spirit:    It causes incoming damage to be divided between your reserves of
   health and magic.
   Int+2:     It affects your intelligence (+2).
   Dex+6:     It affects your dexterity (+6).
   Will++:    It greatly increases your willpower.
 x - the ring "Empay" (left claw) {Wiz rF+}
   (You bought it in a shop on level 1 of the Shoals)

   [ring of wizardry]

   Wiz:       It improves your spell success rate.
   rF+:       It protects you from fire.
 M - the amulet "Tubotad" {Reflect Int+2 SH+5}
   (You took it off an imperial myrmidon in the Desolation of Salt)

   [amulet of reflection]

   Reflect:   It reflects blocked missile attacks.
   Int+2:     It affects your intelligence (+2).
   SH+5:      It affects your SH (+5).
Talismans
 D - a talisman of death
Wands
 s - a wand of roots (26)
 w - a wand of paralysis (64)
 C - a wand of flame (108)
 Z - a wand of digging (33)
Scrolls
 h - 7 scrolls of poison
 i - 4 scrolls of fog
 m - 5 scrolls of silence
 n - 6 scrolls of fear
 o - 3 scrolls of immolation
 q - a scroll of brand weapon
 A - 10 scrolls of teleportation
 H - 6 scrolls of torment
 J - 15 scrolls of revelation
 O - 3 scrolls of vulnerability
Potions
 a - 4 potions of magic
 e - 3 potions of ambrosia
 f - 10 potions of brilliance
 k - 11 potions of lignification
 r - 5 potions of berserk rage
 y - 2 potions of cancellation
 z - 2 potions of enlightenment
 B - 2 potions of invisibility
 F - 17 potions of curing
 I - 9 potions of haste
 K - 2 potions of attraction
 N - 2 potions of resistance
 Q - 4 potions of might
Miscellaneous
 j - a phantom mirror
 U - a condenser vane


   Skills:
 - Level 15.5 Fighting
 - Level 14.0 Polearms
 - Level 14.8 Armour
 - Level 1.7 Dodging
 - Level 14.0 Shields
 + Level 11.6 Spellcasting
 - Level 10.1 Conjurations
 - Level 12.6 Summonings
 - Level 17.4 Necromancy
 + Level 14.4 Fire Magic
 - Level 3.3 Air Magic
 - Level 8.2 Earth Magic
 + Level 18.3 Shapeshifting


You had 6 spell levels left.
You knew the following spells:

 Your Spells              Type           Power      Damage    Failure   Level
a - Kiss of Death         Conj/Necr      100%       2d13      1%          1
b - Ignition              Fire           51%        3d14      45%         8
c - Animate Dead          Necr           89%        N/A       1%          4
d - Death Channel         Necr           44%        N/A       1%          6
e - Borgnjor's Vile Clut  Necr/Erth      38%        N/A       1%          5
f - Anguish               Hex/Necr       31%        N/A       1%          4
g - Haunt                 Necr/Summ      41%        N/A       6%          7
h - Plasma Beam           Fire/Air       41%        2x1d55    12%         6

Your spell library contained the following spells:

 Spells                   Type           Power      Damage    Failure   Level
 Necrotise                Necr           100%       1d9       0%          1
 Sublimation of Blood     Necr           89%        N/A       0%          2
 Vampiric Draining        Necr           89%        2d12      0%          3
 Foxfire                  Conj/Fire      100%       2x1d9     1%          1
 Magic Dart               Conj           100%       1d8       1%          1
 Sandblast                Erth           100%       2d20      1%          1
 Shock                    Conj/Air       100%       1d9       1%          1
 Summon Small Mammal      Summ           100%       N/A       1%          1
 Call Imp                 Summ           100%       N/A       1%          2
 Cigotuvi's Dreadful Rot  Necr/Pois/Air  100%       N/A       1%          2
 Momentum Strike          Conj/Tloc      94%        3d10      1%          2
 Passwall                 Tmut/Erth      35%        N/A       1%          2
 Scorch                   Fire           100%       2d9       1%          2
 Searing Ray              Conj           100%       2d8       1%          2
 Static Discharge         Conj/Air       100%       2-7/arc   1%          2
 Call Canine Familiar     Summ           75%        N/A       1%          3
 Hailstorm                Conj/Ice       47%        3d11      1%          3
 Ignite Poison            Fire/Tmut/Pois 62%        N/A       1%          3
 Inner Flame              Hex/Fire       74%        N/A       1%          3
 Mephitic Cloud           Conj/Pois/Air  44%        N/A       1%          3
 Stone Arrow              Conj/Erth      100%       3d13      1%          3
 Summon Guardian Golem    Hex/Summ       53%        N/A       1%          3
 Volatile Blastmotes      Fire/Tloc      100%       2d18      1%          3
 Brom's Barrelling Bould  Conj/Erth      64%        2d8       1%          4
 Dispel Undead            Necr           89%        3d28      1%          4
 Flame Wave               Conj/Fire      95%        2d20      1%          4
 Sticky Flame             Conj/Fire      95%        2d10      1%          4
 Summon Lightning Spire   Summ/Air       60%        N/A       1%          4
 Agony                    Necr           89%        N/A       1%          5
 Fireball                 Conj/Fire      47%        3d19      1%          5
 Poisonous Vapours        Pois/Air       54%        N/A       2%          2
 Swiftness                Air            37%        N/A       2%          3
 Summon Ice Beast         Ice/Summ       53%        N/A       2%          4
 Summon Cactus Giant      Summ           37%        N/A       2%          6
 Apportation              Tloc           34%        N/A       3%          1
 Slow                     Hex            68%        N/A       3%          1
 Starburst                Conj/Fire      47%        6d13      3%          6
 Ensorcelled Hibernation  Hex/Ice        34%        N/A       4%          2
 Jinxbite                 Hex            34%        N/A       4%          2
 Wereblood                Tmut           17%        N/A       4%          2
 Iskenderun's Mystic Bla  Conj/Tloc      47%        2d10      4%          4
 Arcjolt                  Conj/Air       27%        1d37      5%          5
 Leda's Liquefaction      Hex/Erth       21%        N/A       6%          4
 Petrify                  Tmut/Erth      42%        N/A       6%          4
 Summon Forest            Summ/Tloc      26%        N/A       6%          5
 Summon Mana Viper        Hex/Summ       53%        N/A       6%          5
 Airstrike                Air            18%        2d(3-19)  8%          4
 Confusing Touch          Hex            17%        N/A       9%          3
 Ozocubu's Armour         Ice            17%        N/A       9%          3
 Sigil of Binding         Hex            17%        N/A       9%          3
 Tukima's Dance           Hex            17%        N/A       9%          3
 Irradiate                Conj/Tmut      23%        3d19      11%         5
 Bombard                  Conj/Erth      32%        9d6       11%         6
 Freezing Cloud           Conj/Ice/Air   22%        6-21      13%         5
 Simulacrum               Ice/Necr       31%        N/A       13%         6
 Vhi's Electric Charge    Tloc/Air       54%        N/A       16%         4
 Cause Fear               Hex            8%         N/A       28%         4
 Dimensional Bullseye     Hex/Tloc       8%         N/A       28%         4
 Passage of Golubria      Tloc           17%        N/A       28%         4
 Conjure Ball Lightning   Conj/Air       27%        3x3d8     28%         6
 Silence                  Hex/Air        13%        N/A       38%         5
 Alistair's Intoxication  Tmut/Pois      11%        N/A       61%         5
 Metabolic Englaciation   Hex/Ice        8%         N/A       61%         5
 Yara's Violent Unravell  Hex/Tmut       8%         3d5       61%         5
 Eringya's Noxious Bog    Tmut/Pois      8%         4d6       98%         6
 Monstrous Menagerie      Summ           37%        N/A       14%         7
 Summon Hydra             Summ           37%        N/A       14%         7
 Borgnjor's Revivificati  Necr           44%        N/A       16%         8
 Infestation              Necr           44%        N/A       16%         8
 Malign Gateway           Summ/Tloc      26%        N/A       86%         7
 Death's Door             Necr           44%        N/A       91%         9
 Lehudib's Crystal Spear  Conj/Erth      32%        10d8      98%         8
 Enfeeble                 Hex            8%         N/A       100%        7
 Maxwell's Capacitive Co  Air            18%        ∞         100%        8
 Fire Storm               Conj/Fire      47%        8d12      100%        9
 Shatter                  Erth           30%        3d25*     100%        9


Dungeon Overview and Level Annotations

Branches:
Dungeon (15/15)            Temple (1/1) D:4            Lair (5/5) D:10
 Shoals (4/4) Lair:3       Spider (4/4) Lair:3        Slime (5/5) Lair:4
    Orc (2/2) D:12            Elf (3/3) Orc:2        Vaults (5/5) D:14
  Crypt (0/3) Vaults:2     Depths (4/4) D:15            Zot (0/5) Depths:4
Ossuary (visited)           IceCv (visited)         Desolation (visited)

Altars:
Ashenzari
Cheibriados
Dithmenos
Fedhas
Gozag
Hepliaklqana
Kikubaaqudgha
Makhleb
Nemelex Xobeh
Okawaru
Qazlal
Ru
Sif Muna
Trog
Uskayaw
Vehumet
Wu Jian
Xom
Yredelemnul
Jiyva
Lugonu

Shops:
D:5 =:?((   D:7 [   D:10 *   D:12 (   Orc:2 (*[=   Elf:1 ?   Shoals:1 =**
Vaults:1 [   Vaults:3 (?*(:   Vaults:5 !   Depths:1 [**?   Depths:3 *?([*

Portals:
Hell: Depths:1 Depths:2 Depths:3 Depths:4
Abyss: Shoals:1 Slime:3 Vaults:4 Depths:3
Pandemonium: Depths:2
Ziggurat: Depths:2

Annotations:
Vaults:4 2 transporters, demibob's ghost, adept TrCK
Depths:4 1 runed translucent door


Innate Abilities, Weirdness & Mutations

You have claws for hands.
You are completely covered in molten scales. (AC +4, rF+)
A meltable icy envelope protects you from harm. (AC +8)
You regenerate a lot of health from kills.
A meltable shield of frost defends you. (SH +4)
Your presence sometimes corrodes or deforms those you injure.
You expend magic power (3 MP) to strengthen your wands.


Message History

Okay, then.
You hit something.
Your corrupting presence corrodes something!
Something hits you but does no damage.
You hit something! Something hits you.
You feel your power leaking away.
You hit something but do no damage. Something hits you.
You hit something. You miss something. Something hits you!!
* * * LOW HITPOINT WARNING * * *
You feel much better. Something hits you!!
* * * LOW HITPOINT WARNING * * *
You feel your power leaking away.
Unknown command.
Okay, then.
Okay, then.
Okay, then.
Okay, then.
You hit something.
Something seems to be corroded for longer.
Something hits you but does no damage.
You feel very mighty all of a sudden. Something hits you!
* * * LOW HITPOINT WARNING * * *
Unknown command.
You hit something. You burn something! Something hits you!
* * * LOW HITPOINT WARNING * * *
Unknown command.
You hit something. You block something's attack.
You closely miss something. Something hits you!!
* * * LOW HITPOINT WARNING * * *
Unknown command.
Okay, then.
Okay, then.
Okay, then.
Okay, then.
A red film seems to cover your vision as you go berserk!
You feel yourself moving faster!
You feel mighty! Something hits you!!
You die...
Kikubaaqudgha rasps: "You have failed me!
Welcome... death!"

##................#.....)....
##.................)).....)...
#..............[..............
#.............................
#.................(...........
##............................
##................#..........
###........{...####.........
##.......@..######........
##..............##.......
##...............#.....#
####....###########....#####
###....#### ####....#.
#...#### ####... #..## #...
#..## #... #...#### ####...


There were no monsters in sight!

Vanquished Creatures
  A dread lich (Vaults:5)
  2 ancient liches (Abyss:3)
  A juggernaut (Depths:4)
  the Enchantress (Depths:1)
  2 doom hounds
  Jorgrun (Shoals:3)
  A tentacled monstrosity (Depths:3)
  2 walking crystal tomes (Depths:3)
  5 titans
  2 liches
  2 deep elf blademasters
  A walking divine tome (Depths:3)
  3 deep elf master archers
  2 quicksilver dragons (Vaults:5)
  2 acid blobs (Slime:5)
  2 tentacled starspawn
  2 sphinxes
  A storm dragon (Vaults:5)
  2 tengu reavers (Vaults:5)
  Donald (Vaults:1)
  Frances (D:13)
  2 fire giants
  A rockslime (Slime:5)
  12 azure jellies
  A shadow dragon (Vaults:5)
  A draconian knight (Depths:3)
  7 frost giants
  A deep elf sorcerer (Elf:3)
  9 vault wardens
  3 emperor scorpions
  A draconian scorcher (Depths:4)
  Louise (Elf:1)
  A demonspawn warmonger (Pan)
  4 imperial myrmidons (Desolation)
  An orc warlord (Orc:1)
  3 ghost moths
  3 deep elf elementalists (Elf:3)
  5 spriggan defenders
  A cacodemon (Abyss:3)
  2 ironbound thunderhulks
  A broodmother (Spider:1)
  11 stone giants
  18 ironbound preservers
  7 quicksilver oozes
  2 reapers (Pan)
  3 vampire knights
  7 deep elf demonologists
  6 very ugly things
  8 dire elephants
  A red draconian (Depths:4)
  A halazid warlock (Desolation)
  9 spark wasps
  A white draconian (Depths:4)
  7 deep elf annihilators
  A bunyip (shapeshifter) (Vaults:5)
  12 ettins
  4 crystal guardians
  6 deep elf death magi
  4 merfolk impalers
  An acid blob zombie (Slime:5)
  2 green deaths
  2 fire dragons
  7 ragged hierophants (Desolation)
  12 yaktaur captains
  5 ice dragons
  Erolcha (Orc:2)
  5 deep elf high priests
  9 great orbs of eyes
  2 entropy weavers
  6 hydras
  16 vault guards
  4 spriggan air magi
  2 alligator snapping turtles
  A salamander tyrant (Depths:3)
  2 catoblepae
  5 servants of whispers (Desolation)
  4 peacekeepers
  9 ironbound frosthearts
  11 centaur warriors
  A radroach (Spider:3)
  An ogre mage (Abyss:3)
  3 merfolk avatars
  A jorogumo (Spider:1)
  2 death knights
  6 two-headed ogres
  5 boulder beetles
  4 merfolk aquamancers (Shoals:4)
  27 dancing weapons
  3 deep troll shamans
  10 tengu warriors
  8 demonic crawlers
  3 death yaks (Lair:5)
  A satyr (Shoals:4)
  A vampire mage (Depths:2)
  2 deep troll earth magi
  9 thrashing horrors (Abyss:3)
  Urug (Lair:5)
  3 spriggan berserkers
  An orc high priest (Orc:2)
  18 deep elf knights
  5 soul eaters
  2 hell knights
  A sun moth (Spider:2)
  A fire crab (Lair:4)
  4 iron trolls
  A wretched star (Abyss:3)
  A sixfirhy (Pan)
  4 pharaoh ants
  4 skeletal warriors
  2 skysharks (Shoals:2)
  3 flayed ghosts
  9 sea snakes
  2 glowing orange brains (shapeshifter)
  10 deep elf archers
  A spriggan rider (Depths:3)
  4 orc knights
  5 phantasmal warriors
  5 orb spiders
  Pikel (D:5)
  2 glowing orange brains
  An orange crystal statue (IceCv)
  20 ironbound convokers
  26 deep trolls
  4 wizards
  A spectral wolf spider (Spider:1)
  5 lindwurms
  25 deep elf pyromancers
  2 frost giant zombies (Vaults:5)
  3 necromancers
  A tengu skeleton (Vaults:4)
  5 steelbarb worms
  9 wolf spiders
  7 harpies
  22 deep elf zephyrmancers
  A mana viper (Abyss:3)
  A shining eye (Slime:2)
  4 orc sorcerers
  A stone giant zombie (Vaults:5)
  7 fauns
  5 salamanders (Depths:3)
  12 manticores
  9 ugly things
  9 cyclopes
  3 moths of wrath
  3 black mambas
  3 guardian serpents
  5 elephants (Lair:5)
  A rust devil (Pan)
  6 merfolk sirens
  3 smoke demons (Abyss:3)
  3 water nymphs (Shoals:4)
  21 vault sentinels
  3 torpor snails
  2 molten gargoyles (Desolation)
  7 cane toads
  A gargoyle (D:11)
  Maggie (D:7)
  A rime drake (shapeshifter) (Vaults:5)
  2 efreet
  2 unseen horrors
  12 yaktaurs
  4 freezing wraiths
  3 rime drakes
  A kobold demonologist (D:11)
  9 komodo dragons
  The ghost of pigah the Insei, a novice OpSh of Gozag (D:5)
  4 tengu conjurers
  A redback zombie (Spider:4)
  An elf skeleton (Vaults:4)
  An ancient zyme (Abyss:3)
  2 red devils
  4 wind drakes
  3 meliai
  14 merfolk
  A troll (D:10)
  A polar bear (Lair:5)
  A shadow dragon simulacrum (Depths:3)
  14 tarantellas
  A great orb of eyes zombie (Slime:5)
  4 hornets
  18 saltlings
  3 hellwings
  2 raiju (Abyss:3)
  A merfolk zombie (Shoals:1)
  2 blink frogs
  8 snapping turtles
  An iron dragon simulacrum (Depths:3)
  5 dream sheep
  12 jumping spiders
  2 ynoxinuls
  Sigmund (D:6)
  14 culicivoras
  A shadow (D:10)
  79 slime creatures
  2 slime creature zombies (Slime:5)
  2 wraiths
  2 air elementals (Elf:2)
  44 yaks
  5 spriggans
  A wyvern (Lair:5)
  2 golden eyes
  10 humans (D:14)
  15 water elementals
  5 fire elementals
  A golden eye (shapeshifter) (Vaults:5)
  3 steam dragons
  3 neqoxecs
  4 fire bats (Abyss:3)
  A hog (Lair:5)
  A human (shapeshifter) (Depths:1)
  29 redbacks
  A chaos spawn (Abyss:3)
  A basilisk (D:14)
  7 vampire mosquitoes
  4 wargs
  A glowing shapeshifter zombie (Depths:2)
  8 large abominations (Abyss:3)
  3 acid dragons
  12 water moccasins
  8 hell hounds
  A floating eye (Depths:2)
  19 orc warriors
  2 floating eyes (shapeshifter)
  2 sky beasts
  3 ice beasts
  4 black bears
  4 great orb of eyes simulacra (IceCv)
  A boggart (Vaults:1)
  15 centaurs
  3 wolves
  4 ogres
  4 small abominations
  A slime creature simulacrum (IceCv)
  4 kobold brigands
  A wyvern zombie (D:8)
  Blork the orc (Orc:2)
  2 bullfrogs
  6 elf zombies
  A scorpion (D:7)
  4 glowing shapeshifter simulacra
  A gnoll sergeant (Orc:2)
  2 earth elementals
  6 wights
  9 killer bees
  5 electric eels
  2 nameless horrors
  2 centaur zombies
  5 hounds
  2 human zombies
  3 jellies
  2 sleepcaps
  2 gnoll boudas
  15 orc priests
  An iguana (D:4)
  17 orc wizards
  A killer bee zombie (D:8)
  A hound zombie (Ossuary)
  3 mummies (Ossuary)
  A howler monkey zombie (D:8)
  22 gnolls
  7 adders
  A white imp (D:5)
  An ufetubus (Abyss:3)
  2 adder zombies (Ossuary)
  A worm (D:4)
  3 dart slugs
  50 orcs
  8 ball pythons
  2 endoplasms
  2 giant cockroaches
  7 goblins
  6 hobgoblins
  11 jackals
  8 quokkas
  2 bats
  3 frilled lizards (D:2)
  4 gnoll zombies
  4 goblin zombies (Ossuary)
  2 hobgoblin zombies (Ossuary)
  4 jackal zombies (Ossuary)
  16 kobolds
  6 kobold zombies (Ossuary)
  6 orc zombies
  A quokka zombie (Ossuary)
  4 rats (D:1)
  2 rat zombies (Ossuary)
  3 tentacles
1491 creatures vanquished.

Vanquished Creatures (collateral kills)
  the Royal Jelly (Slime:5)
  2 dread liches (Vaults:5)
  An ancient lich (Vaults:5)
  Josephina (Depths:3)
  Saint Roka (Depths:3)
  A bone dragon (Abyss:3)
  2 golden dragons
  4 tentacled monstrosities
  The ghost of pokeman the Archmage, an adept DEHW of Vehumet (Elf:3)
  A Hell Sentinel (Vaults:4)
  The ghost of avis the Messiah, an adept HOMo of Beogh (Shoals:4)
  2 liches
  Grunn (Depths:2)
  A deep elf blademaster (Elf:3)
  A titan (Vaults:5)
  A sphinx (Depths:2)
  A kraken (Shoals:4)
  An Executioner (Pan)
  15 acid blobs
  Gastronok (D:9)
  5 storm dragons
  2 tentacled starspawn
  4 shadow dragons
  The ghost of Isko the Brawler, a journeyman TrSh of Ru (Spider:1)
  Kirke (Lair:5)
  3 tengu reavers (Vaults:5)
  11 rockslimes
  7 fire giants
  Ilsuiw (Shoals:3)
  6 frost giants
  3 demonspawn warmongers (Pan)
  A fire giant (shapeshifter) (Vaults:5)
  5 azure jellies
  4 emperor scorpions (Spider:4)
  A balrug (Depths:4)
  5 vault wardens
  An iron dragon (Vaults:5)
  An imperial myrmidon (Desolation)
  A deep elf elementalist (Elf:3)
  3 deep elf sorcerers
  A demonspawn corrupter (Pan)
  3 spriggan defenders
  A formless jellyfish (Vaults:4)
  3 quicksilver oozes
  5 ironbound preservers
  14 very ugly things
  2 war gargoyles (Vaults:5)
  6 stone giants
  A vampire knight (Depths:1)
  A broodmother (Spider:4)
  A black draconian (Abyss:3)
  4 ironbound thunderhulks
  2 deep elf demonologists (Elf:3)
  2 red draconians (Depths:4)
  A green draconian (Depths:4)
  2 deep elf annihilators (Elf:3)
  A purple draconian (Depths:4)
  3 dire elephants (Vaults:3)
  2 deep elf death magi
  A halazid warlock (Desolation)
  A very ugly thing zombie (Depths:2)
  5 ettins
  6 merfolk javelineers
  2 crystal guardians (Vaults:4)
  6 merfolk impalers
  A blizzard demon (Pan)
  An entropy weaver (Vaults:4)
  6 fire dragons
  A great orb of eyes (Vaults:3)
  3 servants of whispers (Desolation)
  4 yaktaur captains
  7 ice dragons
  3 ragged hierophants (Desolation)
  Harold (Lair:1)
  14 vault guards (Vaults:5)
  2 hydras (Lair:5)
  2 ogre magi
  2 spriggan air magi
  A caustic shrike simulacrum (Abyss:3)
  5 peacekeepers
  2 ironbound frosthearts
  2 jorogumos
  2 alligator snapping turtles (Shoals:4)
  A death yak (Lair:5)
  3 tengu warriors
  2 deep troll shamans
  A deep troll earth mage (Depths:2)
  4 spriggan berserkers
  4 demonic crawlers
  2 spriggans
  2 large abominations
  4 pharaoh ants
  A soul eater (Pan)
  A deep elf knight (Elf:1)
  4 iron trolls
  A salamander mystic (Depths:3)
  3 spectral ghost moths (Spider:1)
  2 skeletal warriors (D:15)
  3 skysharks
  A flayed ghost (Depths:1)
  An orb spider (shapeshifter) (Vaults:5)
  5 sea snakes
  10 deep trolls
  9 orb spiders
  3 phantasmal warriors
  7 ironbound convokers
  A shadow demon (Pan)
  A necromancer (Vaults:5)
  A lindwurm (Vaults:2)
  6 harpies
  2 steelbarb worms (Spider:4)
  A glowing orange brain (Vaults:4)
  2 deep elf pyromancers
  4 cyclopes
  3 manticores
  6 ugly things
  A fire giant zombie (Depths:2)
  2 orc sorcerers
  2 shining eyes
  11 wolf spiders
  7 fauns
  A salamander (Depths:3)
  3 elephants (Lair:5)
  A worldbinder (Shoals:1)
  2 vault sentinels
  3 black mambas
  8 merfolk sirens
  A stone giant skeleton (Vaults:4)
  2 apocalypse crabs
  4 smoke demons (Pan)
  3 water nymphs
  A molten gargoyle (Desolation)
  2 torpor snails
  10 cane toads
  A gargoyle (D:11)
  A guardian serpent (shapeshifter) (Vaults:5)
  A rime drake (Lair:4)
  2 emperor scorpion simulacra (Spider:1)
  A nameless horror (Slime:5)
  3 komodo dragons
  3 freezing wraiths (Spider:4)
  5 yaktaurs
  A hellion (Depths:2)
  A human zombie (Vaults:4)
  2 trolls
  3 tengu conjurers
  3 meliai
  9 merfolk
  A red devil (Depths:2)
  2 hornets
  A tarantella (shapeshifter) (Depths:3)
  2 blink frogs (Lair:5)
  A sun moth zombie (Spider:2)
  13 tarantellas
  5 polar bears
  35 saltlings
  3 small abominations (Shoals:1)
  2 raiju (Abyss:3)
  A culicivora zombie (Spider:3)
  4 dream sheep
  49 slime creatures
  A snapping turtle (Shoals:4)
  10 culicivoras
  22 jumping spiders
  A ynoxinul (Abyss:3)
  A water elemental (Shoals:3)
  36 yaks
  A wyvern (Lair:5)
  2 basilisks
  A fire bat (Abyss:3)
  8 humans (D:14)
  3 golden eyes (Slime:4)
  5 neqoxecs
  3 vampire mosquitoes (D:11)
  A fire elemental (Depths:3)
  29 redbacks
  2 wargs
  3 chaos spawn
  3 spatial vortices (Shoals:1)
  An acid dragon (D:11)
  6 water moccasins
  A floating eye (shapeshifter) (Elf:3)
  A floating eye (Slime:2)
  5 orc warriors
  A black bear (shapeshifter) (Elf:1)
  A great orb of eyes simulacrum (IceCv)
  4 wolves (Lair:5)
  An elf zombie (Elf:3)
  2 boggarts (Vaults:1)
  5 centaurs
  4 bullfrogs
  A kobold brigand (D:11)
  A glowing shapeshifter simulacrum (IceCv)
  A gnoll sergeant (D:10)
  An entropy weaver simulacrum (Spider:1)
  A wight (D:8)
  2 killer bees (D:10)
  A crimson imp (Spider:2)
  3 jellies (Lair:4)
  An orc priest (D:10)
  2 orc wizards
  A hell rat (Lair:2)
  3 gnolls (D:10)
  3 orcs
  3 tentacles (Shoals:4)
749 creatures vanquished.

Vanquished Creatures (others)
  An acid blob (Slime:5)
  A sphinx (Depths:3)
  2 fire giants
  A tengu reaver (Depths:3)
  A deep elf sorcerer (Elf:3)
  10 imperial myrmidons (Desolation)
  An emperor scorpion (Spider:1)
  3 ghost moths
  A reaper (Depths:4)
  A quicksilver ooze (Slime:4)
  A very ugly thing (Depths:2)
  Azrael (Orc:2)
  A rockslime zombie (Slime:5)
  2 spark wasps (Depths:2)
  2 dire elephants
  15 very ugly thing zombies
  2 acid blob zombies
  A fire dragon (Depths:4)
  2 ettins
  3 merfolk impalers
  A vault guard (D:14)
  4 ice dragons
  A caustic shrike simulacrum (Depths:3)
  A peacekeeper (Vaults:3)
  A boulder beetle (Lair:4)
  A jorogumo (Spider:1)
  A merfolk aquamancer (Shoals:4)
  A sphinx zombie (Depths:3)
  2 centaur warriors
  A satyr (Shoals:4)
  A two-headed ogre (D:9)
  A deep troll earth mage (Depths:2)
  5 deep elf knights
  A storm dragon zombie (Vaults:5)
  4 sea snakes (Shoals:4)
  2 ghost moth zombies (Spider:4)
  A spark wasp zombie (Spider:2)
  A sun moth (Spider:2)
  3 skysharks
  A deep elf archer (Elf:3)
  5 deep trolls
  An orb spider (Spider:2)
  4 deep elf pyromancers (Elf:1)
  3 deep elf zephyrmancers
  A jorogumo zombie (Spider:1)
  2 harpies (Shoals:4)
  3 wizards
  2 shadow dragon zombies (Vaults:5)
  2 wolf spiders (Spider:1)
  11 ugly thing zombies
  6 wolf spider zombies
  An iron dragon zombie (Vaults:5)
  A broodmother zombie (Spider:1)
  4 stone giant zombies
  A salamander (Depths:3)
  3 manticores
  A cyclops (D:14)
  2 sphinx simulacra (Depths:3)
  A faun (Shoals:3)
  A moth of wrath (Spider:1)
  3 frost giant zombies
  3 dire elephant zombies
  2 black mambas
  3 demonspawn zombies (Pan)
  2 fire giant zombies
  4 centaur zombies
  2 alligator snapping turtle zombies (Shoals:4)
  2 water nymphs
  2 cane toads
  3 steelbarb worm zombies
  A komodo dragon (Lair:5)
  8 rime drakes (IceCv)
  6 orb spider zombies
  16 redback zombies
  12 yaktaur zombies
  An iron troll zombie (Depths:2)
  4 sea snake zombies
  3 hydra zombies
  3 demonic crawler zombies
  A polar bear (Lair:5)
  4 wind drakes
  6 merfolk
  3 harpy zombies
  A moth of wrath zombie (Spider:1)
  8 culicivora zombies
  13 jumping spider zombies
  10 tarantella zombies
  6 ettin zombies
  A fire dragon zombie (Depths:3)
  A tarantella (Spider:1)
  A great orb of eyes zombie (Vaults:4)
  2 satyr zombies (Shoals:4)
  4 ice dragon zombies
  3 slime creatures
  20 merfolk zombies
  3 jumping spiders
  6 snapping turtles
  2 culicivoras (Spider:4)
  7 spriggan zombies
  A yak (Lair:2)
  2 black mamba zombies
  23 elf zombies
  A fire bat (Abyss:3)
  A wind drake zombie (Shoals:4)
  7 slime creature zombies
  A vampire mosquito (Spider:1)
  2 humans (D:14)
  A redback (Spider:1)
  A warg (Orc:2)
  A chaos spawn (Abyss:3)
  2 faun zombies
  5 fire bat zombies (Abyss:3)
  10 deep troll zombies
  3 water nymph zombies
  5 cane toad zombies
  A two-headed ogre zombie (D:8)
  An entropy weaver zombie (Vaults:4)
  3 skyshark zombies
  A hell hound (Orc:2)
  3 water moccasins
  2 hornet zombies
  3 elephant zombies (Lair:5)
  5 ice beasts (IceCv)
  A lindwurm zombie (Vaults:1)
  3 snapping turtle zombies
  5 manticore zombies
  An ogre (Orc:2)
  A boggart (shapeshifter) (Vaults:5)
  A blink frog zombie (Lair:2)
  28 orc zombies
  2 centaurs (D:14)
  2 dream sheep zombies (Shoals:2)
  4 rime drake zombies (IceCv)
  4 komodo dragon zombies
  4 vampire mosquito zombies
  A fire crab zombie (Lair:4)
  A bullfrog (Lair:2)
  A hell hound zombie (Orc:2)
  A cyclops zombie (D:11)
  5 water moccasin zombies
  A troll zombie (D:13)
  26 yak zombies
  3 polar bear zombies (Lair:5)
  3 tengu zombies
  2 howler monkeys (D:9)
  A wolf zombie (Lair:2)
  A black bear zombie (Elf:1)
  3 ogre zombies
  2 bullfrog zombies
  A kobold zombie (D:11)
  67 human zombies
  An iguana (D:11)
  4 killer bee zombies
  4 ice beast zombies (IceCv)
  2 howler monkey zombies (D:9)
  A hell rat zombie (Lair:2)
  A steam dragon zombie (D:9)
  An adder (D:9)
  2 orcs
  A goblin (D:9)
  A goblin zombie (D:9)
  11 starspawn tentacles
  53 tentacles
665 creatures vanquished.

Grand Total: 2905 creatures vanquished

Notes
Turn   | Place    | Note
-------+----------+-------------------------------------------
     0 | D:1      | Shayle the Demonspawn Reaver began the quest for the Orb.
     0 | D:1      | Reached XP level 1. HP: 16/16 MP: 3/3
   143 | D:1      | Gained mutation: You are partially covered in molten
                  | scales. (AC +2) [demonic ancestry]
   143 | D:1      | Reached XP level 2. HP: 8/22 MP: 5/5
   327 | D:1      | Reached skill level 1 in Necromancy
   684 | D:1      | Found a faded altar of an unknown god.
   704 | D:1      | Reached skill level 1 in Armour
   704 | D:1      | Gained mutation: A meltable shield of frost defends you.
                  | (SH +4) [demonic ancestry]
   704 | D:1      | Reached XP level 3. HP: 17/28 MP: 6/6
  1413 | D:2      | Found a hide-covered altar of Uskayaw.
  1573 | D:2      | Reached XP level 4. HP: 26/34 MP: 7/7
  2915 | D:4      | Noticed a black bear
  2973 | D:4      | Reached XP level 5. HP: 35/41 MP: 9/9
  3012 | D:4      | Noticed an ogre
  3029 | D:4      | Killed an ogre
  3166 | D:4      | Found a burning altar of Makhleb.
  3364 | D:4      | Killed a black bear
  3365 | D:4      | Gained mutation: You have sharp fingernails. [demonic
                  | ancestry]
  3365 | D:4      | Reached XP level 6. HP: 16/42 MP: 7/11
  3466 | D:4      | Found a staircase to the Ecumenical Temple.
  3522 | Temple   | Entered the Ecumenical Temple
  3526 | Temple   | Became a worshipper of Kikubaaqudgha
  3534 | Temple   | Learned a level 3 spell: Vampiric Draining
  3539 | Temple   | Learned a level 4 spell: Animate Dead
  3619 | D:4      | Identified the +1 cloak of Baldness {Contam Dex+4}
  4056 | D:5      | Entered Level 5 of the Dungeon
  4220 | D:5      | Identified a scroll of acquirement
  4220 | D:5      | Acquired the amulet "Istaa" {Spirit Will++ Int+2 Dex+6}
  4230 | D:5      | Found a bloodstained altar of Trog.
  4380 | D:5      | Found Ephe's Weapon Emporium.
  4383 | D:5      | Bought a +2 trident of protection for 178 gold pieces
  4506 | D:5      | Found Bisiahoy's Weapon Emporium.
  4516 | D:5      | Found Yklunei's Magic Scroll Shoppe.
  4524 | D:5      | Found a runed translucent door.
  4575 | D:5      | Noticed pigah's ghost (novice OpSh)
  4583 | D:5      | Gained mutation: You regenerate a little health from kills.
                  | [demonic ancestry]
  4583 | D:5      | Reached XP level 7. HP: 34/34 MP: 12/12
  4590 | D:5      | Found Daset Ehestre's Book Shoppe.
  4611 | D:5      | Found Fege's Jewellery Shoppe.
  4630 | D:5      | Reached * piety under Kikubaaqudgha
  4630 | D:5      | Received a gift from Kikubaaqudgha
  4744 | D:5      | Found a hazy altar of Hepliaklqana.
  5069 | D:5      | Found a sparkling altar of Nemelex Xobeh.
  5155 | D:6      | Noticed Pikel
  5156 | D:6      | Noticed Sigmund
  5173 | D:5      | Killed Pikel
  5174 | D:5      | Reached skill level 5 in Fighting
  5174 | D:5      | Reached skill level 5 in Spellcasting
  5174 | D:5      | Reached skill level 5 in Necromancy
  5174 | D:5      | Gained mutation: You regenerate health from kills. [demonic
                  | ancestry]
  5174 | D:5      | Reached XP level 8. HP: 33/63 MP: 8/15
  5230 | D:6      | Killed Sigmund
  5242 | D:6      | Found a sand-covered staircase.
  5248 | Ossuary  | Entered an ossuary
  5288 | Ossuary  | Reached ** piety under Kikubaaqudgha
  5566 | Ossuary  | Reached skill level 5 in Armour
  5610 | D:6      | Acquired a +0 kite shield of reflection
  5693 | D:6      | Reached XP level 9. HP: 46/69 MP: 12/17
  5858 | D:6      | Found a sacrificial altar of Ru.
  5987 | D:6      | Reached *** piety under Kikubaaqudgha
  5987 | D:6      | Received a gift from Kikubaaqudgha
  5988 | D:6      | Reached skill level 1 in Shields
  6088 | D:7      | Noticed a two-headed ogre
  6094 | D:7      | Found Edwigid's Antique Armour Shoppe.
  6102 | D:7      | Killed a two-headed ogre
  6336 | D:7      | Found a broken altar of Ashenzari.
  6624 | D:7      | Noticed Maggie
  6636 | D:7      | Killed Maggie
  6637 | D:7      | Gained mutation: You regenerate a lot of health from kills.
                  | [demonic ancestry]
  6637 | D:7      | Reached XP level 10. HP: 79/79 MP: 16/18
  6653 | D:7      | Found a snail-covered altar of Cheibriados.
  7980 | D:8      | Noticed a two-headed ogre
  7995 | D:8      | Killed a two-headed ogre
  8179 | D:8      | Reached **** piety under Kikubaaqudgha
  8630 | D:9      | Noticed Gastronok
  8640 | D:8      | Learned a level 6 spell: Death Channel
  8646 | D:8      | Learned a level 5 spell: Borgnjor's Vile Clutch
  8710 | D:9      | Identified the +2 robe "Qexkaor" {Will+ Str+4 Archmagi}
  8811 | D:9      | Noticed a two-headed ogre
  8845 | D:9      | Killed a two-headed ogre
  8973 | D:9      | Reached skill level 5 in Shields
  9392 | D:9      | Found a shadowy altar of Dithmenos.
  9666 | D:9      | Killed Gastronok
  9667 | D:9      | Reached skill level 1 in Earth Magic
  9899 | D:10     | Entered Level 10 of the Dungeon
  9915 | D:10     | Found Heobuada's Humungous Hoard.
  9984 | D:10     | Gained mutation: You are mostly covered in molten scales.
                  | (AC +3) [demonic ancestry]
  9984 | D:10     | Reached XP level 11. HP: 86/87 MP: 14/19
 10134 | D:10     | Paralysed by a hornet for 3 turns
 10184 | D:10     | Found a staircase to the Lair.
 10660 | Lair:1   | Entered Level 1 of the Lair of Beasts
 10895 | Lair:1   | Noticed Harold
 10904 | Lair:1   | Killed Harold
 10930 | Lair:1   | Reached skill level 10 in Fighting
 11261 | Lair:1   | Noticed an ice dragon
 11282 | Lair:1   | Killed an ice dragon
 11649 | D:10     | Bought the +5 hat of Taytz {+Blink} for 516 gold pieces
 11799 | Lair:2   | Noticed a four-headed hydra
 11856 | Lair:2   | Reached XP level 12. HP: 97/97 MP: 20/20
 11878 | Lair:2   | Reached skill level 5 in Earth Magic
 12482 | Lair:2   | Killed a four-headed hydra
 13631 | Lair:3   | Found a hole to the Spider Nest.
 13659 | Lair:3   | Found a staircase to the Shoals.
 14626 | Lair:4   | Noticed a four-headed hydra
 14637 | Lair:4   | Killed a four-headed hydra
 14888 | Lair:4   | Reached skill level 10 in Armour
 15096 | Lair:4   | Noticed a boulder beetle
 15103 | Lair:4   | Killed a boulder beetle
 15176 | Lair:4   | Gained mutation: You are completely covered in molten
                  | scales. (AC +4, rF+) [demonic ancestry]
 15176 | Lair:4   | Reached XP level 13. HP: 106/106 MP: 8/21
 15337 | Lair:4   | Found a staircase to the Slime Pits.
 15339 | Lair:4   | Found a viscous altar of Jiyva.
 15956 | Lair:5   | Entered Level 5 of the Lair of Beasts
 16445 | Lair:5   | Got a dog-eared book
 16893 | Lair:5   | Noticed Urug
 16913 | Lair:5   | Killed Urug
 17071 | Lair:5   | Your ally Urug died
 17224 | Lair:5   | Reached ***** piety under Kikubaaqudgha
 17399 | Lair:5   | Reached skill level 10 in Shields
 17860 | Lair:5   | Noticed Kirke
 18013 | Lair:5   | Gained mutation: A meltable icy envelope protects you from
                  | harm. (AC +8) [demonic ancestry]
 18013 | Lair:5   | Reached XP level 14. HP: 105/116 MP: 3/22
 18704 | Lair:5   | Killed Kirke
 19008 | D:5      | Bought a scroll of identify for 26 gold pieces
 19008 | D:5      | Bought a scroll of teleportation for 39 gold pieces
 19008 | D:5      | Bought a scroll of identify for 26 gold pieces
 19651 | D:11     | Reached skill level 10 in Necromancy
 20705 | D:12     | Found Asofor's Weapon Boutique.
 20707 | D:12     | Found a staircase to the Orcish Mines.
 21768 | D:13     | Noticed Frances
 21780 | D:13     | Killed Frances
 22239 | Orc:1    | Entered Level 1 of the Orcish Mines
 22711 | Orc:2    | Entered Level 2 of the Orcish Mines
 23289 | Orc:2    | Noticed Blork the orc
 23303 | Orc:2    | Reached ****** piety under Kikubaaqudgha
 23304 | Orc:2    | Identified a +9 demon trident of pain (a +9 demon trident
                  | bloodied by Kikubaaqudgha)
 23304 | Orc:2    | Received a gift from Kikubaaqudgha
 23308 | Orc:2    | Killed Blork the orc
 23476 | Orc:2    | Your ally Blork died
 23638 | Orc:2    | Noticed an orc warlord
 23818 | Orc:1    | Killed an orc warlord
 24071 | Orc:2    | Noticed Erolcha
 24084 | Orc:2    | Killed Erolcha
 24166 | Orc:2    | Reached XP level 15. HP: 125/125 MP: 20/23
 24166 | Orc:2    | Found Keck's Antique Armour Emporium.
 24171 | Orc:2    | Found Efudab's Antique Weapon Emporium.
 24193 | Orc:2    | Found Daatokk's General Store.
 24201 | Orc:2    | Bought a potion of heal wounds for 70 gold pieces
 24201 | Orc:2    | Bought a scroll of enchant armour for 105 gold pieces
 24225 | Orc:2    | Found Udghuhea's Jewellery Emporium.
 24273 | Orc:2    | Found a staircase to the Elven Halls.
 24298 | Orc:2    | Noticed Azrael
 24302 | Orc:2    | Your ally Erolcha died
 24730 | Shoals:1 | Entered Level 1 of the Shoals
 24738 | Shoals:1 | Found Jugyeg's One-of-a-Kind Rings.
 24874 | Shoals:1 | Bought the ring "Empay" {Wiz rF+} for 616 gold pieces
 25302 | Shoals:1 | Found Kuneharia's General Store.
 25305 | Shoals:1 | Found Iqonocem's Specific Store.
 25343 | Shoals:1 | Bought a potion of invisibility for 144 gold pieces
 25343 | Shoals:1 | Bought a scroll of teleportation for 54 gold pieces
 25343 | Shoals:1 | Bought a scroll of fog for 72 gold pieces
 25874 | Shoals:1 | Found a runed translucent door.
 25880 | Shoals:1 | Found a corrupted altar of Lugonu.
 25880 | Shoals:1 | Found a one-way gate to the infinite horrors of the Abyss.
 26487 | Shoals:1 | Noticed a kraken
 26651 | Shoals:1 | Learned a level 4 spell: Anguish
 28386 | Shoals:3 | Noticed Ilsuiw
 28769 | Shoals:3 | Killed Ilsuiw
 28980 | Shoals:3 | Reached XP level 16. HP: 134/134 MP: 15/24
 29097 | Shoals:3 | Your ally Ilsuiw died
 29519 | Shoals:3 | Noticed Jorgrun
 29550 | Shoals:3 | Killed Jorgrun
 29773 | Shoals:3 | Reached skill level 5 in Polearms
 29894 | Shoals:3 | Identified the +3 chain mail of Vermicelli {Harm Drain
                  | rPois Slay+3}
 30113 | Shoals:4 | Entered Level 4 of the Shoals
 30130 | Shoals:4 | Found a runed translucent gate.
 30130 | Shoals:4 | Found a runed translucent gate.
 30130 | Shoals:4 | Found a runed translucent gate.
 30275 | Shoals:4 | Noticed a kraken
 30294 | Shoals:4 | Reached skill level 15 in Fighting
 31491 | Shoals:4 | Identified the amulet of Meset {Regen+ Dex+3}
 32405 | Shoals:4 | Found a hazy altar of Hepliaklqana.
 32798 | Shoals:4 | Killed a kraken
 32811 | Shoals:4 | Got a barnacled rune of Zot
 33515 | Shoals:4 | Identified the +3 whip of Conscience {vamp, Stlth+}
 33594 | Shoals:4 | Noticed avis's ghost (adept HOMo)
 33980 | Spider:1 | Entered Level 1 of the Spider Nest
 34498 | Spider:1 | Upgraded the game from 0.31-a0-845-g9abc20d24f to
                  | 0.31-a0-846-gb3bcc0d938
 34498 | Spider:1 | Noticed Isko's ghost (journeyman TrSh)
 34518 | Spider:1 | Found a transporter.
 34526 | Spider:1 | Found a transporter.
 34787 | Spider:1 | Reached XP level 17. HP: 142/142 MP: 3/25
 36692 | Orc:2    | Bought a ring of see invisible for 210 gold pieces
 36720 | Orc:2    | Killed Azrael
 37023 | D:5      | Bought a scroll of acquirement for 676 gold pieces
 37023 | D:5      | Acquired 523 gold pieces
 37037 | D:5      | Killed pigah's ghost
 37759 | D:14     | Identified the +7 great sword "Tihuum" {antimagic, Str+2}
 38038 | D:14     | Found a gate to the Vaults.
 38641 | D:15     | Entered Level 15 of the Dungeon
 39385 | Spider:2 | Reached skill level 15 in Necromancy
 40902 | Spider:4 | Entered Level 4 of the Spider Nest
 40914 | Spider:3 | Gained mutation: Your flesh is cold resistant. (rC+)
                  | [mutagenic glow]
 41288 | Spider:4 | Reached XP level 18. HP: 149/149 MP: 4/26
 41297 | Spider:4 | Found a frozen archway.
 41342 | IceCv    | Entered an ice cave
 41852 | IceCv    | Reached skill level 10 in Polearms
 42476 | IceCv    | Found a viscous altar of Jiyva.
 42533 | IceCv    | Identified the +2 pair of gloves of the Gloaming {rElec rN+
                  | Regen+ Int+2}
 42534 | IceCv    | Identified the +8 ice dragon scales of Slovenliness {Drain
                  | rPois rF- rC++ Regen+ SInv}
 43256 | Spider:4 | Got a gossamer rune of Zot
 43716 | D:15     | Identified the +1 robe of Uggyutz {Regen+ Dex+4 SInv}
 44009 | D:15     | Found a staircase to the Depths.
 44793 | Vaults:1 | Entered Level 1 of the Vaults
 44991 | Vaults:1 | Found a crumbling gateway.
 45010 | Desolati | Entered the Desolation of Salt
 45246 | Desolati | Identified the ring of Geunoci {Fire rN+}
 45270 | Desolati | Identified the +8 quarterstaff "Naegafir" {pain, rF+ Str-4
                  | Int+3}
 45270 | Desolati | Identified the amulet "Tubotad" {Reflect Int+2 SH+5}
 45285 | Desolati | Identified the ring "Neniezup" {Drain Fly Str+4 Stlth+}
 45294 | Desolati | Got a fuliginous book
 45296 | Desolati | Identified the ring "Ziyniu" {Fire Will+}
 45377 | Desolati | Got a quavering book
 45409 | Desolati | Gained mutation: Your presence sometimes corrodes those you
                  | injure. [demonic ancestry]
 45409 | Desolati | Reached XP level 19. HP: 146/155 MP: 14/27
 45423 | Desolati | Got a mumbling book
 45714 | Desolati | Reached skill level 1 in Fire Magic
 46036 | Desolati | Got an upside-down book
 46048 | Desolati | Identified the +1 scale mail of the Desert {*Slow rElec rF+
                  | Regen+}
 46052 | Desolati | Found the +5 robe of Night {Dark Will+ SInv}
 47002 | Elf:1    | Entered Level 1 of the Elven Halls
 47105 | Elf:1    | Reached skill level 5 in Fire Magic
 47639 | Elf:1    | Noticed Louise
 47649 | Elf:1    | Killed Louise
 48012 | Elf:1    | Found Geos's Magic Scroll Emporium.
 48015 | Elf:1    | Bought a scroll of teleportation for 36 gold pieces
 48015 | Elf:1    | Bought a scroll of blinking for 90 gold pieces
 48708 | Elf:2    | Found a runed translucent gate.
 48708 | Elf:2    | Found a runed translucent gate.
 48708 | Elf:2    | Found a runed translucent gate.
 48946 | Elf:2    | Noticed a Brimstone Fiend
 49256 | Elf:2    | Paralysed by an air elemental for 1 turns
 49339 | Elf:2    | Identified the ring of Viruw {rC+ Str+8}
 50084 | Elf:2    | Reached skill level 10 in Fire Magic
 50770 | Elf:3    | Entered Level 3 of the Elven Halls
 50813 | Elf:3    | Identified the +1 dagger "Dawnush" {venom, Stlth+}
 50834 | Elf:3    | Gained mutation: Your presence sometimes corrodes or
                  | deforms those you injure. [demonic ancestry]
 50834 | Elf:3    | Reached XP level 20. HP: 162/163 MP: 12/28
 51043 | Elf:3    | Identified the ring "Obroe" {Wiz *Corrode rPois Slay+6}
 51921 | Elf:3    | Identified the +6 quarterstaff "Touvvyt" {heavy, rElec rF-
                  | Int+3}
 51921 | Elf:3    | Identified the amulet of Ignis's Condemnation {Faith Fly
                  | rPois Slay+3}
 51953 | Elf:3    | Identified the +8 battleaxe "Imoal" {freeze, Dex+3}
 52102 | Elf:3    | Identified the +8 whip of the Vaults {flame, Contam rPois
                  | rN++ Will+}
 52455 | Elf:3    | Learned a level 7 spell: Haunt
 52463 | Elf:3    | Identified the +4 hand axe "Teiw" {drain, rElec rF- rC++
                  | SInv}
 52555 | Elf:3    | Reached skill level 1 in Summonings
 52859 | Elf:3    | Identified the +2 sling of Marumpisui {elec, rC+ Dex+4}
 53488 | Lair:1   | Lost mutation: Your flesh is cold resistant. (rC+) [potion
                  | of mutation]
 53488 | Lair:1   | Gained mutation: Your movements are slightly less
                  | encumbered by armour. (ER -2) [potion of mutation]
 53488 | Lair:1   | Gained mutation: You are robust. (+10% HP) [potion of
                  | mutation]
 53760 | Vaults:1 | You are sucked into a shaft and drop 1 floor!
 53921 | Vaults:2 | Reached skill level 5 in Summonings
 54053 | Vaults:2 | Found a staircase to the Crypt.
 54053 | Vaults:2 | Found an ancient bone altar of Kikubaaqudgha.
 54053 | Vaults:2 | Found a basalt altar of Yredelemnul.
 55347 | Vaults:2 | Identified the +0 robe of Objectivity {rPois SInv}
 55652 | Vaults:3 | Found Xurghakk's Magic Scroll Boutique.
 55662 | Vaults:3 | Bought a scroll of fear for 48 gold pieces
 55662 | Vaults:3 | Bought a scroll of teleportation for 36 gold pieces
 55662 | Vaults:3 | Bought a scroll of fog for 48 gold pieces
 55662 | Vaults:3 | Bought a scroll of fog for 48 gold pieces
 55706 | Vaults:3 | Found Duriaja's General Store.
 56043 | Vaults:3 | Found Okhlis Goull's Antique Weapon Boutique.
 56533 | Vaults:3 | Found Birph's Book Boutique.
 56563 | Vaults:3 | Reached skill level 5 in Conjurations
 56995 | Vaults:3 | Reached XP level 21. HP: 173/185 MP: 4/29
 57033 | Vaults:3 | Reached skill level 10 in Summonings
 57594 | Vaults:3 | Found Duemeolust's Antique Weapon Shoppe.
 57748 | Vaults:4 | Found a transporter.
 58179 | Vaults:4 | Identified the +7 whip of Wistrieloa {flame, Str+5 Int+4
                  | Dex-4}
 58221 | Vaults:4 | Identified the +9 orcbow "Wanwo" {flame, Int+2}
 58399 | Vaults:4 | Found a transporter.
 58968 | Vaults:3 | Upgraded the game from 0.31-a0-846-gb3bcc0d938 to
                  | 0.31-a0-848-gaac375c287
 59571 | Vaults:5 | Entered Level 5 of the Vaults
 59620 | Vaults:5 | Reached skill level 10 in Conjurations
 59677 | Vaults:5 | Identified the staff "Caluh" {rPois rF+ Poison}
 59698 | Vaults:5 | Reached skill level 1 in Shapeshifting
 59847 | Vaults:5 | Noticed a dread lich
 59856 | Vaults:5 | Reached skill level 2 in Shapeshifting
 59863 | Vaults:5 | Noticed an ancient lich
 59888 | Vaults:5 | Identified the +1 plate armour of Howling Wind {Dex+3}
 59930 | Vaults:5 | Noticed a juggernaut
 59935 | Vaults:5 | Noticed a dread lich
 59948 | Vaults:5 | Killed a dread lich
 59949 | Vaults:5 | Reached skill level 3 in Shapeshifting
 60122 | Vaults:5 | Reached skill level 4 in Shapeshifting
 60181 | Vaults:5 | Reached skill level 5 in Shapeshifting
 60181 | Vaults:5 | Reached XP level 22. HP: 161/193 MP: 6/30
 60488 | Vaults:5 | Reached skill level 6 in Shapeshifting
 60496 | Vaults:5 | Noticed a dread lich
 60754 | Vaults:5 | Noticed a golden dragon
 60853 | Vaults:5 | Reached skill level 7 in Shapeshifting
 61064 | Vaults:5 | Identified the staff "Dymock" {rPois Str+2 Int+4 Poison}
 61089 | Vaults:5 | Identified the +1 scale mail of Odauce {rElec}
 61288 | Vaults:5 | Reached skill level 8 in Shapeshifting
 61308 | Vaults:5 | Identified the +1 acid dragon scales of the Butterfly
                  | {-Tele rCorr Str+4 Int+4}
 61310 | Vaults:5 | Identified the +1 morningstar of True Grit {heavy, rC+
                  | Str-3 Int+7 Dex+4}
 61447 | Vaults:5 | Killed a golden dragon
 61455 | Vaults:5 | Killed a dread lich
 61456 | Vaults:5 | Reached skill level 9 in Shapeshifting
 61600 | Vaults:4 | Acquired 823 gold pieces
 61679 | Vaults:5 | Killed an ancient lich
 61680 | Vaults:5 | Reached skill level 10 in Shapeshifting
 61686 | Vaults:5 | Killed a dread lich
 62083 | Vaults:5 | Identified the staff of Moral Flaws {rPois rF+ rC+ rCorr
                  | Stlth+ Fire}
 62137 | Vaults:5 | Found Bosurchiy's Distillery.
 62144 | Vaults:5 | Bought a potion of ambrosia for 144 gold pieces
 62144 | Vaults:5 | Bought a potion of haste for 180 gold pieces
 62144 | Vaults:5 | Bought a potion of haste for 180 gold pieces
 62144 | Vaults:5 | Bought a potion of curing for 54 gold pieces
 62144 | Vaults:5 | Bought a potion of mutation for 144 gold pieces
 62144 | Vaults:5 | Bought a potion of curing for 54 gold pieces
 62144 | Vaults:5 | Bought a potion of curing for 54 gold pieces
 62475 | Vaults:5 | Got a decrepit book
 62476 | Vaults:5 | Identified the +0 dagger "Zuafechu" {pain, rElec rPois
                  | Dex-2}
 62708 | Vaults:5 | Identified the +1 hand axe of the Lurker {freeze, rN+ MP+9
                  | Int+2}
 62710 | Vaults:5 | Got a sooty book
 62714 | Vaults:5 | Got a silver rune of Zot
 63014 | Vaults:5 | Identified the staff "Vuojor" {rElec rC+ Str-4 Dex+2 Ice}
 63186 | Vaults:4 | Noticed demibob's ghost (adept TrCK)
 63387 | Vaults:1 | Reached skill level 11 in Shapeshifting
 63422 | Vaults:1 | Found Zuriros's Armour Emporium.
 63699 | Vaults:1 | Noticed Donald
 63713 | Vaults:1 | Killed Donald
 64474 | Depths:1 | Entered Level 1 of the Depths
 64501 | Depths:1 | Reached skill level 12 in Shapeshifting
 64522 | Depths:1 | Identified the +2 helmet of Panentheism {rC+ Int+2}
 64554 | Depths:1 | Found Haufaot's General Store.
 64558 | Depths:1 | Found Rianasit's Magic Scroll Shoppe.
 64558 | Depths:1 | Found Weopojah's Antique Armour Emporium.
 64588 | Depths:1 | Gained mutation: You have very sharp fingernails. [demonic
                  | ancestry]
 64588 | Depths:1 | Reached XP level 23. HP: 200/200 MP: 2/31
 64595 | Depths:1 | Found Papnut's Assorted Antiques.
 64597 | Depths:1 | Bought a scroll of teleportation for 51 gold pieces
 64597 | Depths:1 | Bought 2 potions of curing for 102 gold pieces
 64603 | Depths:1 | Bought a potion of heal wounds for 190 gold pieces
 64603 | Depths:1 | Bought a potion of mutation for 304 gold pieces
 64606 | Depths:1 | Bought a scroll of blinking for 127 gold pieces
 65015 | Depths:1 | Found a blossoming altar of Fedhas.
 65070 | Depths:1 | Reached skill level 13 in Shapeshifting
 65479 | Depths:1 | Found a gateway to Hell.
 65563 | Depths:2 | Noticed Grunn
 65571 | Depths:2 | Killed Grunn
 66795 | Depths:1 | Reached skill level 14 in Shapeshifting
 66919 | Depths:2 | Noticed the Enchantress
 66937 | Depths:1 | Killed the Enchantress
 68169 | Shoals:1 | Acquired the Collected Works on Dusty Oxidation
 68371 | Shoals:1 | Identified the scarf "Trusted Companion" {repulsion, Str+3}
 68441 | Slime:1  | Entered Level 1 of the Pits of Slime
 68816 | Depths:2 | Found a one-way gateway to a ziggurat.
 69163 | Depths:2 | Found a one-way gate leading to the halls of Pandemonium.
 69536 | Depths:2 | Reached skill level 15 in Shapeshifting
 69700 | Depths:2 | Found a basalt altar of Yredelemnul.
 69774 | Depths:2 | Identified the +3 whip of Absolution {venom, Fragile rC+
                  | rN+++}
 71456 | Depths:3 | Noticed Saint Roka
 71466 | Depths:3 | Killed Saint Roka
 71661 | Depths:3 | Found Oqibum's Assorted Antiques.
 71678 | Depths:3 | Bought a wand of roots (3) for 208 gold pieces
 71728 | Depths:3 | Found Cutwewn's Weapon Boutique.
 71750 | Depths:3 | Found Malunkuf's Assorted Antiques.
 71758 | Depths:3 | Bought a potion of curing for 111 gold pieces
 71758 | Depths:3 | Bought a wand of roots (2) for 177 gold pieces
 72196 | Depths:3 | Your ally Saint Roka died
 72600 | Depths:3 | Found Weaj's Antique Armour Emporium.
 72641 | Depths:3 | Found Gahu's Magic Scroll Boutique.
 72645 | Depths:3 | Bought a scroll of fog for 92 gold pieces
 72645 | Depths:3 | Bought 3 scrolls of teleportation for 207 gold pieces
 73004 | Depths:3 | Reached skill level 16 in Shapeshifting
 73055 | Depths:3 | Gained mutation: You have claws for hands. [demonic
                  | ancestry]
 73055 | Depths:3 | Reached XP level 24. HP: 207/207 MP: 2/35
 73510 | Depths:3 | Identified the ring of Virom {Ice Contam +Blink rElec
                  | Str-3}
 73510 | Depths:3 | Noticed Josephina
 73739 | Depths:3 | Killed Josephina
 74252 | Depths:4 | Entered Level 4 of the Depths
 76329 | Depths:4 | Found a runed translucent door.
 76338 | Depths:4 | Noticed a juggernaut
 76901 | Depths:4 | Killed a juggernaut
 76902 | Depths:4 | Reached skill level 17 in Shapeshifting
 77924 | Depths:4 | Found a gate to the Realm of Zot.
 78270 | Lair:1   | Learned a level 6 spell: Plasma Beam
 78826 | Elf:3    | Found a runed translucent door.
 78828 | Elf:3    | Noticed pokeman's ghost (adept DEHW)
 78851 | Elf:3    | Killed pokeman's ghost
 79212 | Shoals:1 | Voluntarily entered the Abyss.
 79371 | Abyss:3  | Found a snail-covered altar of Cheibriados.
 79435 | Abyss:3  | Found a corrupted altar of Lugonu.
 79497 | Abyss:3  | Reached skill level 1 in Air Magic
 79522 | Abyss:3  | Gained mutation: Your muscles are strong. (Str +4, Int/Dex
                  | -1) [a neqoxec]
 79524 | Abyss:3  | Gained mutation: You have supernaturally acute eyesight.
                  | (SInv) [a neqoxec]
 79525 | Abyss:3  | Lost mutation: You are robust. (+10% HP) [a neqoxec]
 79624 | Abyss:3  | Found a corrupted altar of Lugonu.
 80232 | Abyss:3  | Noticed an ancient lich
 80259 | Abyss:3  | Killed an ancient lich
 80337 | Abyss:3  | Found a corrupted altar of Lugonu.
 80554 | Abyss:3  | Noticed an ancient lich
 80583 | Abyss:3  | Found a corrupted altar of Lugonu.
 80589 | Abyss:3  | Found a corrupted altar of Lugonu.
 80705 | Abyss:3  | Found a corrupted altar of Lugonu.
 80706 | Abyss:3  | Found a corrupted altar of Lugonu.
 80706 | Abyss:3  | Found a corrupted altar of Lugonu.
 80782 | Abyss:3  | Killed an ancient lich
 80968 | Abyss:3  | Got an abyssal rune of Zot
 81013 | Abyss:4  | Found a corrupted altar of Lugonu.
 81017 | Shoals:1 | Escaped the Abyss
 81828 | Shoals:4 | Reached skill level 10 in Spellcasting
 81874 | Shoals:4 | Killed avis's ghost
 81889 | Shoals:4 | Identified the +5 hat of Generosity {rN+ Stlth+}
 82313 | Spider:1 | Killed Isko's ghost
 82567 | Spider:1 | Identified the +9 eveningstar "Rifeabb" {venom, SInv}
 82826 | Lair:1   | Learned a level 8 spell: Ignition
 83409 | Slime:2  | Gained mutation: You are occasionally teleported next to
                  | monsters. [a shining eye]
 83424 | Slime:2  | Lost mutation: Your movements are slightly less encumbered
                  | by armour. (ER -2) [potion of mutation]
 83424 | Slime:2  | Lost mutation: Your muscles are strong. (Str +4, Int/Dex
                  | -1) [potion of mutation]
 83424 | Slime:2  | Gained mutation: You occasionally lose the ability to drink
                  | potions when taking damage. [potion of mutation]
 83424 | Slime:2  | Gained mutation: Armour fits poorly on your strangely
                  | shaped body. [potion of mutation]
 83425 | Slime:2  | Lost mutation: You occasionally lose the ability to drink
                  | potions when taking damage. [potion of mutation]
 83425 | Slime:2  | Lost mutation: You are occasionally teleported next to
                  | monsters. [potion of mutation]
 83425 | Slime:2  | Gained mutation: You passively map a small area around you.
                  | [potion of mutation]
 83425 | Slime:2  | Gained mutation: You have a pair of small horns on your
                  | head. [potion of mutation]
 83426 | Slime:2  | Lost mutation: You passively map a small area around you.
                  | [potion of mutation]
 83426 | Slime:2  | Lost mutation: You have a pair of small horns on your head.
                  | [potion of mutation]
 83426 | Slime:2  | Lost mutation: Armour fits poorly on your strangely shaped
                  | body. [potion of mutation]
 83426 | Slime:2  | Gained mutation: You are frail. (-10% HP) [potion of
                  | mutation]
 83426 | Slime:2  | Gained mutation: You occasionally lose the ability to read
                  | scrolls when taking damage. [potion of mutation]
 83426 | Slime:2  | Gained mutation: You are partially covered in large bone
                  | plates. (SH +4) [potion of mutation]
 83427 | Slime:2  | Lost mutation: You are partially covered in large bone
                  | plates. (SH +4) [potion of mutation]
 83427 | Slime:2  | Lost mutation: You are frail. (-10% HP) [potion of
                  | mutation]
 83427 | Slime:2  | Gained mutation: You expend magic power (3 MP) to
                  | strengthen your wands. [potion of mutation]
 83427 | Slime:2  | Gained mutation: Your muscles are strong. (Str +4, Int/Dex
                  | -1) [potion of mutation]
 83427 | Slime:2  | Gained mutation: You are robust. (+10% HP) [potion of
                  | mutation]
 83428 | Slime:2  | Lost mutation: Your muscles are strong. (Str +4, Int/Dex
                  | -1) [potion of mutation]
 83428 | Slime:2  | Lost mutation: You are robust. (+10% HP) [potion of
                  | mutation]
 83428 | Slime:2  | Gained mutation: You are resistant to electric shocks.
                  | (rElec) [potion of mutation]
 83428 | Slime:2  | Gained mutation: You occasionally shout uncontrollably at
                  | your foes. [potion of mutation]
 83428 | Slime:2  | Gained mutation: You are robust. (+10% HP) [potion of
                  | mutation]
 83429 | Slime:2  | Lost mutation: You occasionally shout uncontrollably at
                  | your foes. [potion of mutation]
 83429 | Slime:2  | Lost mutation: You are resistant to electric shocks.
                  | (rElec) [potion of mutation]
 83429 | Slime:2  | Gained mutation: Your muscles are strong. (Str +4, Int/Dex
                  | -1) [potion of mutation]
 83430 | Slime:2  | Lost mutation: You are robust. (+10% HP) [potion of
                  | mutation]
 83430 | Slime:2  | Lost mutation: Your muscles are strong. (Str +4, Int/Dex
                  | -1) [potion of mutation]
 83430 | Slime:2  | Gained mutation: Your body sometimes deteriorates upon
                  | taking damage. [potion of mutation]
 83430 | Slime:2  | Gained mutation: You have hidden genetic potential. [potion
                  | of mutation]
 83431 | Slime:2  | Lost mutation: Your body sometimes deteriorates upon taking
                  | damage. [potion of mutation]
 83431 | Slime:2  | Lost mutation: You expend magic power (3 MP) to strengthen
                  | your wands. [potion of mutation]
 83431 | Slime:2  | Lost mutation: You have hidden genetic potential. [potion
                  | of mutation]
 83431 | Slime:2  | Gained mutation: Your skin changes colour to match your
                  | surroundings (Stealth+). [potion of mutation]
 83432 | Slime:2  | Lost mutation: Your skin changes colour to match your
                  | surroundings (Stealth+). [potion of mutation]
 83432 | Slime:2  | Lost mutation: You have supernaturally acute eyesight.
                  | (SInv) [potion of mutation]
 83432 | Slime:2  | Gained mutation: Your body sometimes deteriorates upon
                  | taking damage. [potion of mutation]
 83432 | Slime:2  | Gained mutation: You have large cloven feet. [potion of
                  | mutation]
 83433 | Slime:2  | Lost mutation: Your body sometimes deteriorates upon taking
                  | damage. [potion of mutation]
 83433 | Slime:2  | Lost mutation: You have large cloven feet. [potion of
                  | mutation]
 83433 | Slime:2  | Lost mutation: You occasionally lose the ability to read
                  | scrolls when taking damage. [potion of mutation]
 83433 | Slime:2  | Gained mutation: You expend magic power (3 MP) to
                  | strengthen your wands. [potion of mutation]
 83732 | Slime:2  | Paralysed by a floating eye for 3 turns
 84351 | Slime:3  | Found a corrupted altar of Lugonu.
 84559 | Slime:5  | Entered Level 5 of the Pits of Slime
 85188 | Slime:5  | Reached skill level 18 in Shapeshifting
 85213 | Slime:5  | Gained mutation: You do not regenerate when monsters are
                  | visible. [a shining eye]
 85215 | Slime:5  | Gained mutation: Your magical capacity is low. (-10% MP) [a
                  | shining eye]
 85307 | Slime:4  | Gained mutation: A meltable icy envelope protects you from
                  | harm. (AC +8) [demonic ancestry]
 85307 | Slime:4  | Reached XP level 25. HP: 195/195 MP: 20/33
 85401 | Slime:4  | Lost mutation: Your magical capacity is low. (-10% MP)
                  | [potion of mutation]
 85401 | Slime:4  | Lost mutation: You expend magic power (3 MP) to strengthen
                  | your wands. [potion of mutation]
 85401 | Slime:4  | Lost mutation: You do not regenerate when monsters are
                  | visible. [potion of mutation]
 85401 | Slime:4  | Gained mutation: You expend magic power (3 MP) to
                  | strengthen your wands. [potion of mutation]
 85514 | Slime:5  | Noticed the Royal Jelly
 85530 | Slime:5  | Found the +9 sword of Zonguldrok {reap}
 85531 | Slime:5  | Killed the Royal Jelly
 85802 | Slime:5  | Got an engraved book
 85814 | Slime:5  | Got a slimy rune of Zot
 85924 | Slime:5  | Identified the +0 hand axe of Gallantry {flame, Fly rCorr
                  | Str+4 Stlth-}
 85927 | Slime:5  | Identified the +5 arbalest of the Apocalypse {drain, Str+6}
 86283 | Slime:5  | Identified the +3 rapier "Umeotorch" {elec, *Slow rF+ Dex+3
                  | Stlth+}
 86294 | Slime:5  | Identified the ring "Ofyepn" {rN+ Will+ rCorr}
 86298 | Slime:5  | Identified the +8 quarterstaff "Kihemets" {heavy, Drain
                  | rElec rN+++ MP+9}
 86833 | Slime:5  | Identified the staff of Due Proportion {rElec rF+ rC+ Int-5
                  | Dex+3 Ice}
 86854 | Slime:5  | Identified the +8 battleaxe "Ricluf" {antimagic, Fly}
 87303 | Pan      | Entered Pandemonium
 87491 | Pan      | Acquired the scarf of Curiosity {rC+ rF+, rPois rN++}
 88618 | Pan      | HP: 7/195 [something (18)]
 88619 | Pan      | Mangled by a lorocyproca

Illustrated notes

Levels and vault maps discovered:
D:1:      matt_arrival_los_fun, layout_loops_ring, ebering_ecumenical_altar_box
D:2:      layout_loops_ring, basic_altar
D:3:      layout_basic, small_statue_intersection, roderic_roman_lattice,
          chequers_serial_rivers_large_b, kennysheep_pointless_box
D:4:      layout_basic, lemuel_coloured_pillars_altar, temple_green,
          serial_park_tiny_2, serial_bayou_lagoon_a,
          nicolae_concentric_dashed_squares_mild
D:5:      layout_rooms, trog_three_pillars_becter,
          nicolae_overflow_crystal_walls, nemelex_diamond_rough_becter,
          gammafunk_ghost_grave, serial_shops, shop, shop, shop,
          nicolae_shop_competitors_out_of_business, kennysheep_mini_moat
D:6:      layout_layer_cave, nicolae_ru_awakened_eye,
          nicolae_ossuary_entry_plus, kennysheep_minor_cross,
          reono_crystal_passage, chequers_serial_rivers_micro_a,
          lemuel_flame_loot_1, uniq_sigmund, uniq_pikel
D:7:      layout_basic, mainiacjoe_overflow_six_doors_small,
          amcnicky_altar_gilded, minivault_24, minmay_shop_grid_forest,
          uniq_maggie
D:8:      layout_loops_ring, serial_undead, serial_undead_c, serial_undead_c,
          serial_undead_d, serial_undead_f
D:9:      layout_long_grid, elyvilon_altar_1, lemuel_tele_altar,
          overflow_temple_1_default, hex_tiny, amethyst_killhole, uniq_gastronok
D:10:     layout_roguey, erik_lair_orcish_takeover, nicolae_alphabet_shops
D:11:     layout_roguey, minmay_fractal_squares_gapless_7
D:12:     layout_rooms, orc_david_3
D:13:     layout_small_grid, minmay_misc_feat_roman, uniq_frances
D:14:     layout_rooms, grunt_vaults_entry_tiered, kennysheep_decorative_pillar
D:15:     grunt_enter_depths_giant_problem, layout_loops_ring
Temple:   nicolae_temple_x_marks_the_god
Lair:1:   dragon1_lemuel, layout_cave_shapes, grunt_megastairs_3, uniq_harold
Lair:2:   layout_cave_pods, chequers_serial_rivers_micro_b, beast_lair_carwin_7
Lair:3:   layout_regular_city, minmay_shoals_entry_hut,
          spider_nest_entry_web_field, nicolae_lair_grove_arrangements,
          nicolae_quartered_pool_medium
Lair:4:   layout_loops_ring, minmay_slime_entry_pillars,
          infiniplex_staircase_pool
Lair:5:   grunt_lair_end_beastmaster, layout_layer_cave, grunt_megastairs_4,
          uniq_kirke, uniq_urug
Shoals:1: layout_shoals, nicolae_specific_store, nicolae_shop_unique_rings,
          nicolae_shoals_abyss_on_the_beach
Shoals:2: layout_shoals
Shoals:3: layout_shoals, hangedman_shoals_cup_caves, uniq_ilsuiw, uniq_jorgrun
Shoals:4: shoals_end_hangedman, layout_shoals, gammafunk_ghost_tricky_traps,
          lemuel_centaur_altar
Spider:1: layout_spider_delve, gammafunk_ghost_mausoleum
Spider:2: layout_chambers, nicolae_crawler_farm
Spider:3: layout_spider_delve
Spider:4: grunt_spider_rune_circles, portal_ice_cave_entry_frozen_things
Slime:1:  layout_caves
Slime:2:  cheibrodos_slime_lost_civilization_3, layout_caves
Slime:3:  layout_caves, amcnicky_altar_lugonu_corruption
Slime:4:  cheibrodos_slime_lost_civilization_10, layout_caves
Slime:5:  slime_pit_nicolae_inversion
Orc:1:    layout_caves, uniq_fannar
Orc:2:    grunt_orc_cross, layout_caves, uniq_erolcha, uniq_azrael
Elf:1:    minmay_elf_arrival_summoners, layout_loops_cross, serial_shops,
          nicolae_shop_rolled_up, minivault_28, uniq_louise
Elf:2:    elven_hall_of_blades_hangedman_original
          [nicolae_blade_entry_antechamber], layout_loops_corners,
          guppyfry_elf_castle
Elf:3:    grunt_elf_hall_diamonds, layout_gridlike, ebering_ghost_inner_flame
Vaults:1: portal_desolation_entry_nicolae_nacl,
          nicolae_vaults_door_testing_chamber,
          nicolae_vaults_taking_the_gang_shopping, nicolae_vaults_tetromino_L_2,
          vaults_mumra_hex, vaults_room_stairs_pillars, vaults_room_hallway,
          v_misc_12, nicolae_vaults_security_offices_4, layout_vaults_big_room,
          uniq_donald
Vaults:2: nicolae_vaults_network_s, ontoclasm_vaults_shuriken,
          vaults_dpeg_diagonal, minmay_crypt_entry_necro_gods, v_pattern_5,
          nicolae_vaults_prndl, st_smaller_cells, nicolae_vaults_alarming,
          nicolae_vaults_little_squares_3, nicolae_vaults_little_squares_4,
          v_misc_11, serial_ice_b, layout_vaults_omnigrid
Vaults:3: st_star, nicolae_vaults_little_squares_4, nicolae_vaults_trapezoid_1,
          nicolae_vaults_double_plus_3, vaults_room_fours,
          nicolae_vaults_asterisk, nicolae_vaults_tangram_2,
          nicolae_vaults_octothorpe, v_alt_pattern_5,
          vaults_mumra_minichess_inversion, nicolae_vaults_mini_display_case,
          nicolae_vaults_shrinking_rooms_1, vaults_room_stairs_pillars,
          layout_vaults_maze_snakey, serial_shops, shop, shop, shop, shop,
          shop_statue
Vaults:4: gammafunk_ghost_abyssal_escape,
          vaults_standard_mumra_enter_the_diamond, vaults_room_fancy_cross,
          nicolae_vaults_arrows, grunt_vaults_funnel, vaults_room_large_hall,
          v_misc_24, hangedman_vaults_trim, hangedman_vaults_snaps,
          nicolae_vaults_theta, vaults_dpeg_ring, layout_vaults_omnibox
Vaults:5
Depths:1: layout_gridville, hangedman_tar_grid_catacomb, fedhas_altar_1,
          minmay_misc_feat_enclosed, kennysheep_two_boxes, minmay_shoptagon
Depths:2: minmay_the_grid_net [minmay_the_grid_rooms, minmay_the_grid_slots,
          minmay_the_grid_armoury, minmay_the_grid_spin_star,
          minmay_the_grid_embedded, minmay_the_grid_prize_shrinking_boxes],
          layout_cave_shapes, enter_ziggurat_b, rand_demon_pan_entry_3,
          hell_entry, lemuel_zombie_altar_yredelemnul,
          infiniplex_staircase_spiral_double, serial_bayou_shore_a,
          serial_bayou_shore_b, uniq_enchantress, uniq_grunn
Depths:3: grunt_deathspiral_large, layout_basic, abyss_entry_crystal,
          hell_entry, serial_shops, nicolae_shop_tiny_real_fake_doors, shop,
          shop, shop, nicolae_shop_tiny_statue_garden, uniq_margery,
          uniq_saint_roka, uniq_josephina
Depths:4: grunt_zot_entry_alcove, layout_gridlike, pf_dread_powers_of_hell,
          kennysheep_treasure_room, kennysheep_random_hallway
Pan:      nicolae_pan_bazaar_rune, layout_grid_shapes, nicolae_pan_lom_lobonic_2

Skill      XL: |  1  2  3  4  5  6  7  8  9 10 11 12 13 14 15 16 17 18 19 20 21 22 23 24 25 |
---------------+----------------------------------------------------------------------------+-----
Necromancy     | 1 2 3 5 6 7 8 9 11 12 14 15 17 | 17.4
Armour         | 1 2 3 4 5 6 7 9 10 11 12 13 14 | 14.8
Fighting       | 3 4 5 6 7 8 10 11 12 13 14 15 | 15.5
Spellcasting   | 3 5 8 10 11 | 11.6
Shields        | 3 5 7 8 10 11 12 13 14 | 14.0
Earth Magic    | 1 4 6 8 |  8.2
Polearms       | 4 6 9 13 14 | 14.0
Fire Magic     | 11 12 13 14 | 14.4
Summonings     | 9 12 | 12.6
Conjurations   | 5 10 | 10.1
Shapeshifting  | 5 12 16 18 | 18.3
Air Magic      | 3 |  3.3
Dodging        | |  1.7

Action                     |  1- 3 |  4- 6 |  7- 9 | 10-12 | 13-15 | 16-18 | 19-21 | 22-24 | 25-27 || total
---------------------------+-------+-------+-------+-------+-------+-------+-------+-------+-------++-------
  Melee: Spear             |   182 |   289 |       |       |       |       |       |       |       ||   471
         Punch             |     1 |     5 |     2 |       |       |       |       |       |       ||     8
         Trident           |       |    21 |   294 |   410 |   517 |       |       |       |       ||  1242
         Demon trident     |       |       |       |       |   239 |   916 |   971 |   496 |       ||  2622
         Staff             |       |       |       |       |       |       |       |  1326 |   217 ||  1543
  Throw: Dart              |       |       |     2 |       |     6 |     4 |     3 |     1 |       ||    16
         Throwing net      |       |       |       |       |     5 |     1 |       |       |       ||     6
   Cast: Kiss of Death     |       |     5 |       |       |       |     1 |       |       |       ||     6
         Animate Dead      |       |       |       |    11 |    21 |    19 |    12 |    24 |     5 ||    92
         Borgnjor's Vile C |       |       |       |    25 |   182 |   182 |   200 |   282 |    15 ||   886
         Vampiric Draining |       |       |       |       |     2 |       |       |     1 |       ||     3
         Death Channel     |       |       |       |       |     6 |    20 |    12 |    16 |     1 ||    55
         Anguish           |       |       |       |       |    11 |    59 |    44 |    68 |       ||   182
         Haunt             |       |       |       |       |       |       |    25 |   129 |    52 ||   206
         Plasma Beam       |       |       |       |       |       |       |       |    18 |     1 ||    19
 Invoke: Unearth Wretches  |       |       |       |     6 |     6 |    15 |     6 |    10 |     2 ||    45
         Brand Weapon With |       |       |       |       |     1 |       |       |       |       ||     1
Ability: Evoke Blink       |       |       |       |       |       |       |     1 |     2 |       ||     3
  Evoke: Wand              |       |     3 |     2 |    13 |    41 |    17 |    25 |    18 |       ||   119
         Condenser vane    |       |       |       |       |     1 |     2 |     1 |     2 |       ||     6
         Phantom mirror    |       |       |       |       |       |     2 |     2 |     3 |       ||     7
    Use: Scroll            |     4 |     2 |     7 |    17 |    23 |    11 |    23 |    29 |     6 ||   122
         Potion            |       |     4 |       |     2 |     3 |     9 |     7 |    32 |     5 ||    62
   Stab: Paralysed         |       |       |     2 |    14 |     5 |    14 |    14 |     8 |     2 ||    59
         Distracted        |       |       |       |    13 |    14 |    23 |    13 |    25 |     8 ||    96
         Sleeping          |       |       |       |     3 |       |     1 |     2 |     2 |       ||     8
         Held in net/web   |       |       |       |       |     1 |       |       |       |       ||     1
         Confused          |       |       |       |       |       |       |     1 |     3 |       ||     4
 Armour: Ring mail         |   101 |   216 |   172 |       |       |       |       |       |       ||   489
         Steam dragon scal |       |       |       |    62 |       |       |       |       |       ||    62
         Robe              |       |       |       |   167 |   520 |   675 |   578 |   362 |       ||  2302
         Acid dragon scale |       |       |       |       |       |       |       |  1043 |   135 ||  1178
  Dodge: Dodged            |   109 |   145 |   119 |   179 |   444 |   401 |   167 |   536 |    31 ||  2131
  Block: Other             |    20 |    56 |    22 |       |       |       |       |       |       ||    98
         Kite shield       |       |       |    77 |   366 |   963 |  1110 |   708 |  1981 |   166 ||  5371
         Reflection        |       |       |     2 |     3 |    77 |    52 |    82 |    64 |     9 ||   289

Table legend: (Time is in decaauts)
 A = Elapsed time spent in this place.
 B = Non-inter-level travel time spent in this place.
 C = Inter-level travel time spent in this place.
 D = Time resting spent in this place.
 E = Time spent auto-exploring this place.
 F = Levels seen in this place.
 G = Mean time per level.
                   A        B        C        D        E       F      G
               +--------+--------+--------+--------+--------+-----+--------+
         Total |  88967 |  82225 |   6742 |  28022 |  27515 |  56 | 1588.7 |
       Dungeon |  18648 |  15810 |   2838 |   2569 |   8703 |  15 | 1243.2 |
        Temple |     74 |     74 |      0 |     57 |      0 |   1 |   74.0 |
          Lair |   9867 |   8315 |   1552 |   2441 |   3438 |   5 | 1973.4 |
        Shoals |  10895 |  10431 |    464 |   4543 |   2812 |   4 | 2723.8 |
   Spider Nest |   6396 |   5921 |    475 |   1835 |   2271 |   4 | 1599.0 |
    Slime Pits |   4067 |   3950 |    117 |   2127 |    235 |   5 |  813.4 |
  Orcish Mines |   2554 |   2314 |    240 |   1306 |    137 |   2 | 1277.0 |
   Elven Halls |   6702 |   6417 |    285 |   2113 |   2169 |   3 | 2234.0 |
        Vaults |  10779 |  10451 |    328 |   2678 |   4290 |   5 | 2155.8 |
        Depths |  12740 |  12300 |    440 |   6043 |   3268 |   4 | 3185.0 |
         Abyss |   1738 |   1738 |      0 |    634 |     19 |   4 |  434.5 |
   Pandemonium |   1297 |   1297 |      0 |    424 |     83 |   1 | 1297.0 |
       Ossuary |    381 |    381 |      0 |      0 |     67 |   1 |  381.0 |
      Ice Cave |   1280 |   1280 |      0 |    684 |      0 |   1 | 1280.0 |
    Desolation |   1542 |   1542 |      0 |    565 |     21 |   1 | 1542.0 |
               +--------+--------+--------+--------+--------+-----+--------+

Top non-repeatable levels by time:
Depths:3: 3840 daAuts
Shoals:4: 3359 daAuts
Vaults:5: 3346 daAuts
Depths:2: 3336 daAuts
Depths:1: 2877 daAuts
  Lair:5: 2796 daAuts
   Elf:2: 2758 daAuts
Shoals:1: 2692 daAuts
Depths:4: 2686 daAuts
Shoals:3: 2645 daAuts
   Elf:3: 2531 daAuts
Shoals:2: 2197 daAuts
  Lair:3: 2134 daAuts
Vaults:3: 2051 daAuts
    D:14: 2037 daAuts
